 Dungeon Crawl Stone Soup version 0.27-a0-1136-g0b992a5a9d (webtiles) character file.

Game seed: 894774655836467286

687 wakim the Chopper (level 7, -8/91 HPs)
             Began as a Minotaur Berserker on May 5, 2021.
             Was a Priest of Trog.
             Killed by divine providence
             ... invoked by an orc priest
              (16 damage)
             ... on level 4 of the Dungeon.
             The game lasted 00:10:43 (3630 turns).

wakim the Chopper (Minotaur Berserker)              Turns: 3630, Time: 00:10:43

Health: -8/91      AC:  9    Str: 22    XL:     7   Next: 35%
Magic:  6/6        EV:  6    Int:  5    God:    Trog [***...]
Gold:   169        SH:  9    Dex: 10    Spells: 6/6 levels left

rFire    . . .     SeeInvis .   a - +0 hand axe
rCold    + . .     Faith    +   g - +0 kite shield
rNeg     . . .     Spirit   .   i - +0 chain mail
rPois    .         Reflect  .   (helmet restricted)
rElec    .         Harm     .   (no cloak)
rCorr    .         Rampage  .   (no gloves)
Will     +++..                  (no boots)
Stlth    ..........             m - amulet of faith
HPRegen  1.25/turn              d - ring of protection from cold
MPRegen  0.10/turn              j - ring of willpower

@: berserking, strong-willed, regenerating, very quick
A: horns 2, retaliatory headbutt
a: Renounce Religion, Berserk, Trog's Hand


You were on level 4 of the Dungeon.
You worshipped Trog.
Trog was most pleased with you.
You visited 1 branch of the dungeon, and saw 4 of its levels.

You collected 169 gold pieces.

Inventory:

Hand Weapons
 a - a +0 hand axe (weapon)
Missiles
 c - 15 javelins
 e - 19 poisoned darts (quivered)
Armour
 g - a +0 kite shield (worn)
 i - a +0 chain mail (worn)
Jewellery
 d - a ring of protection from cold (left hand)
 j - a ring of willpower (right hand)
 m - an amulet of faith (around neck)
Wands
 x - a wand of iceblast (10)
Potions
 b - 3 potions of magic {unknown}
 f - 2 potions of degeneration {unknown}
 h - a potion of attraction {unknown}
 l - 2 potions of curing {unknown}
 J - 3 potions of heal wounds


   Skills:
 + Level 5.0 Fighting
 * Level 6.2 Axes
 + Level 2.5 Throwing
 * Level 5.3 Armour
 + Level 3.7 Dodging
 * Level 2.6 Shields


You had 6 spell levels left.
You didn't know any spells.
Your spell library was empty.

Dungeon Overview and Level Annotations

Branches:
Dungeon (4/15)
 Temple: D:4-7

Altars:

Shops:
D:1 !


Innate Abilities, Weirdness & Mutations

You have a pair of horns on your head.
You reflexively headbutt those who attack you in melee.


Message History

You block the orc priest's attack.
You closely miss the orc priest.
The orc priest is almost dead.
You hit the orc.
You kill the orc!
Trog accepts your kill.
You hit the orc priest but do no damage.
You hit the orc. The orc priest closely misses you.
The orc priest mumbles some strange prayers to Beogh against you.
Beogh smites you!
* * * LOW HITPOINT WARNING * * *
The orc closely misses you.
You hit the orc priest.
You kill the orc priest!
Trog accepts your kill.
You hit the orc priest but do no damage.
You slash the orc!
You kill the orc!
Trog accepts your kill. You block the orc priest's attack.
Your shield and chain mail prevent you from hitting the orc priest.
Your headbutt misses the orc priest.
The orc priest is lightly wounded.
Unknown command.
You hit the orc priest.
The orc priest is moderately wounded.
The orc priest hits you with a +0 hand axe.
* * * LOW HITPOINT WARNING * * *
You hit the orc priest.
The orc priest is heavily wounded.
The orc priest hits you but does no damage.
You hit the orc priest. Your headbutt misses the orc priest.
The orc priest is severely wounded.
The orc priest hits you with a +0 hand axe.
* * * LOW HITPOINT WARNING * * *
Your chain mail prevents you from hitting the orc priest.
The orc priest is severely wounded.
The orc priest invokes the aid of Beogh against you.
Beogh smites you!
You die...

.....<.###.##+#+##
>.................
#.........##.#.#######.
#..................... .
#.............##......
... .....#..............
.....#)#)...............
......)@)...............
#.....o).....#..........
'............#..........
#............###........
.......#'#....##........
##.......#....######....
.'.......#.......# #....
##.......##......###....
..............


You could see an orc priest.

Vanquished Creatures
  Grinder (D:3)
  A water moccasin (D:2)
  A scorpion (D:4)
  A hound (D:4)
  An orc priest (D:4)
  Ijyb (D:3)
  An iguana (D:3)
  An orc wizard (D:4)
  3 gnolls (D:4)
  6 adders
  2 white imps (D:4)
  A worm (D:4)
  2 dart slugs
  8 orcs
  9 bats
  7 endoplasms
  2 giant cockroaches (D:1)
  12 goblins
  9 hobgoblins
  2 jackals (D:1)
  5 kobolds
  A quokka (D:3)
  4 ball pythons
  3 frilled lizards
  6 rats
90 creatures vanquished.

Vanquished Creatures (others)
  5 plants (D:4)
5 creatures vanquished.

Grand Total: 95 creatures vanquished

Notes
Turn   | Place    | Note
-------+----------+-------------------------------------------
     0 | D:1      | wakim the Minotaur Berserker began the quest for the Orb.
     0 | D:1      | Reached XP level 1. HP: 19/19 MP: 0/0
   151 | D:1      | Found Fepaen's Distillery.
   160 | D:1      | Reached XP level 2. HP: 27/27 MP: 1/1
   307 | D:1      | Reached skill level 4 in Axes
   412 | D:1      | Reached XP level 3. HP: 29/33 MP: 2/2
   528 | D:1      | Found a faded altar of an unknown god.
   708 | D:2      | Reached ** piety under Trog
   709 | D:2      | Reached skill level 1 in Throwing
  1025 | D:2      | Reached XP level 4. HP: 40/40 MP: 3/3
  1691 | D:3      | Noticed Grinder
  1691 | D:3      | Noticed a water moccasin
  1707 | D:2      | Killed a water moccasin
  1708 | D:2      | Reached skill level 5 in Axes
  1708 | D:2      | Reached XP level 5. HP: 22/47 MP: 4/4
  2445 | D:3      | Noticed Ijyb
  2482 | D:3      | Killed Ijyb
  3010 | D:3      | Reached XP level 6. HP: 53/53 MP: 5/5
  3017 | D:3      | Killed Grinder
  3018 | D:3      | Reached skill level 1 in Shields
  3179 | D:4      | Reached skill level 5 in Armour
  3339 | D:4      | Reached XP level 7. HP: 60/60 MP: 6/6
  3369 | D:4      | Reached skill level 6 in Axes
  3562 | D:4      | Reached *** piety under Trog
  3615 | D:4      | Reached skill level 5 in Fighting
  3630 | D:4      | Killed from afar by an orc priest

Illustrated notes

Levels and vault maps discovered:
D:1:      lemuel_arrival_muddy, layout_rooms,
          shapermc_ecumenical_altar_mp_highgroup, serial_shops,
          nicolae_shop_trees
D:2:      layout_loops_cross, st_stairs_7
D:3:      kennysheep_the_goblin_king, layout_basic, kennysheep_generic_room_10,
          uniq_grinder
D:4:      layout_basic, serial_bayou_lake_a

Skill      XL: |  1  2  3  4  5  6  7 |
---------------+----------------------+-----
Axes           | 4 5 6 |  6.2
Armour         | 3 4 5 |  5.3
Throwing       | 1 2 |  2.5
Fighting       | 4 5 |  5.0
Dodging        | 3 |  3.7
Shields        | 2 |  2.6

Action                   |  1- 3 |  4- 6 |  7- 9 || total
-------------------------+-------+-------+-------++-------
Melee: Hand axe          |    78 |   121 |    36 ||   235
       Headbutt          |    13 |    21 |     4 ||    38
Throw: Dart              |       |     6 |     3 ||     9
Invok: Trog's Hand       |     1 |     1 |     1 ||     3
       Berserk           |       |     1 |     1 ||     2
  Use: Scroll            |       |     2 |     2 ||     4
Armor: Ring mail         |    22 |       |       ||    22
       Chain mail        |     2 |    67 |    18 ||    87
Dodge: Dodged            |    47 |    34 |     9 ||    90
Block: Kite shield       |       |    25 |    17 ||    42

Table legend: (Time is in decaauts)
 A = Elapsed time spent in this place.
 B = Non-inter-level travel time spent in this place.
 C = Inter-level travel time spent in this place.
 D = Time resting spent in this place.
 E = Time spent auto-exploring this place.
 F = Levels seen in this place.
 G = Mean time per level.
                   A        B        C        D        E       F      G
               +--------+--------+--------+--------+--------+-----+--------+
         Total |   3697 |   3519 |    178 |    189 |   2673 |   4 |  924.2 |
       Dungeon |   3697 |   3519 |    178 |    189 |   2673 |   4 |  924.2 |
               +--------+--------+--------+--------+--------+-----+--------+

Top non-repeatable levels by time:
     D:3: 1508 daAuts
     D:2: 944 daAuts
     D:1: 680 daAuts
     D:4: 564 daAuts
